 Dungeon Crawl Stone Soup version 0.29.1-15-g9cfb28693d (webtiles) character file.

Game seed: 15006048850295206371

121 ChrisAssaf the Slasher (level 5, -6/37 HPs)
             Began as a Djinni Wanderer on Apr 24, 2023.
             Was an Initiate of Gozag.
             Mangled by Taurus's ghost (12 damage)
             ... on level 4 of the Dungeon.
             The game lasted 00:08:18 (2542 turns).

ChrisAssaf the Slasher (Djinni Wanderer)            Turns: 2542, Time: 00:08:18

Health: -6/37      AC:  2    Str: 10    XL:     5   Next: 26%
Gold:   66         EV: 11    Int: 15    God:    Gozag SH:  0 Dex: 14

rFire   + + .      SeeInvis .   a - +0 falchion (vorpal)
rCold   x . .      Faith    .   c - +2 buckler
rNeg    . . .      Spirit   .   d - +0 robe
rPois   ∞          Reflect  .   (no helmet)
rElec   .          Harm     .   (no cloak)
rCorr   .          Rampage  .   (no gloves)
Will    .....                   (boots unavailable)
Stlth   +.........              (no amulet)
HPRegen 0.12/turn               (no ring)
MPRegen 0.00/turn               (no ring)

@: confused, ambrosia-drunk, flying
A: sickness immunity, fire resistance 2, cold vulnerability 1, float, innate
caster, HP casting, extra vitality 1
a: Renounce Religion, Potion Petition, Call Merchant, Bribe Branch


You were on level 4 of the Dungeon.
You worshipped Gozag.
Gozag was noncommittal.
You visited 1 branch of the dungeon, and saw 4 of its levels.

You collected 128 gold pieces.
You paid 62 gold pieces to Gozag.

Inventory:

Hand Weapons
 a - a +0 vorpal falchion (weapon)
Armour
 b - a +0 buckler
 c - a +2 buckler (worn)
 d - a +0 robe (worn)
Scrolls
 f - a scroll of vulnerability
 g - a scroll of torment
 h - a scroll of noise
Potions
 e - a potion of degeneration {unknown}
 i - a potion of cancellation


   Skills:
 * Level 1.0 Fighting
 * Level 0.8(2.1) Short Blades
 * Level 3.1(3.2) Long Blades
 * Level 1.0 Armour
 * Level 1.6 Dodging
 * Level 1.0 Stealth
 * Level 2.3 Shields
 * Level 0.8 Unarmed Combat
 * Level 3.0 Spellcasting


You couldn't memorise any spells.
You knew the following spells:

 Your Spells              Type           Power      Damage    Failure   Level
a - Sting                 Tmut/Pois      44%        1d5       8%          1
b - Spider Form           Tmut/Pois      11%        N/A       22%         3
c - Ignite Poison         Fire/Tmut/Pois 11%        N/A       22%         3
d - Apportation           Tloc           22%        N/A       8%          1
e - Blink                 Tloc           22%        N/A       11%         2

Your spell library contained the following spells:

 Spells                   Type           Power      Damage    Failure   Level


Dungeon Overview and Level Annotations

Branches:
Dungeon (4/15)
 Temple: D:4-7

Altars:
Gozag
Yredelemnul

Annotations:
D:4 Taurus's ghost, amateur MiFi


Innate Abilities, Weirdness & Mutations

You are immune to sickness and miasma.
You are immune to poison.
Your flesh is very heat resistant. (rF++)
You are vulnerable to cold. (rC-)
You float through the air rather than walking.
You learn spells naturally, not from books.
Your magical power is your life essence.
You have superior vitality. (+4 MHP)


Message History

Your Spellcasting skill increases to level 3!
You have reached level 5!
The power to cast Blink wells up from within.
Spell assigned to 'e'.
You now have 59 gold pieces (gained 6).
Taurus's ghost lets out a mournful wail.
Taurus's ghost says, "Try not to bleed too much."
An adder zombie comes into view.
The adder zombie barely misses you. The adder zombie bites you.
You hit the adder zombie.
The adder zombie is moderately damaged.
The adder zombie closely misses you. You block the adder zombie's attack.
You hit the adder zombie.
The adder zombie is severely damaged.
The adder zombie barely misses you.
You hit the adder zombie.
The adder zombie is almost destroyed.
The adder zombie bites you.
You slash the adder zombie!
You destroy the adder zombie!
You now have 66 gold pieces (gained 7).
There is a basalt altar of Yredelemnul here.
You reach down and open the gate.
Taurus's ghost hits you!!
Ouch! That really hurt!
Taurus's ghost attacks as you move away!
Taurus's ghost hits you.
Taurus's ghost whispers, "I have become one of them."
Okay, then.
It was a potion of ambrosia.
You are confused.
You feel invigorated. Taurus's ghost barely misses you.
You bump into the stone wall.
Taurus's ghost hits you.
You bump into the stone wall.
Taurus's ghost hits you!!
Ouch! That really hurt!
* * * LOW HITPOINT WARNING * * *
You're too confused to move!
Taurus's ghost hits you!
You die...
Your body crumbles into a pile of gold.

#...............# #
###.............# .
#.............# # #......########
#......# #......# #.###### +# #.#
####.# #.#.# ### ###@...# #.#.#
##.#W#### #.#.# #....'.)# #.#.#
#._..'.$# #.#.#
#....'.)########.#.#
##############.#.#####.........##
...........# ###....##........<..
############ ####.########.####
...........# #'##.......#


You could see Taurus's ghost.

Vanquished Creatures
  A centaur zombie (D:4)
  Terence (D:3)
  2 adders
  An ufetubus (D:4)
  An adder zombie (D:4)
  2 worms
  2 orcs (D:3)
  A bat (D:1)
  5 endoplasms
  A giant cockroach (D:1)
  3 goblins
  3 hobgoblins
  2 quokkas
  A frilled lizard (D:1)
  2 rats
28 creatures vanquished.

Vanquished Creatures (others)
  2 plants (D:3)
2 creatures vanquished.

Grand Total: 30 creatures vanquished

Notes
Turn   | Place    | Note
-------+----------+-------------------------------------------
     0 | D:1      | ChrisAssaf the Djinni Wanderer began the quest for the Orb.
     0 | D:1      | ChrisAssaf set off with the following items: a +0 falchion,
                  | a +0 buckler, a potion of curing, a +0 robethe following
                  | spells memorised: Sting, Spider Form, Ignite Poison.
     0 | D:1      | Reached XP level 1. HP: 15/15 MP: 0/0
   364 | D:1      | Reached XP level 2. HP: 18/21 MP: 0/0
   521 | D:2      | Reached XP level 3. HP: 5/25 MP: 0/0
   521 | D:2      | Learned a level 1 spell: Apportation
   935 | D:3      | HP: 1/25 [quokka (2)]
  1372 | D:3      | Noticed Terence
  1385 | D:3      | Killed Terence
  1386 | D:3      | Reached XP level 4. HP: 26/31 MP: 0/0
  1538 | D:4      | Found an opulent altar of Gozag.
  1639 | D:4      | Became a worshipper of Gozag Ym Sagoz the Greedy
  2452 | D:4      | Found a runed translucent gate.
  2452 | D:4      | Found a runed translucent gate.
  2452 | D:4      | Found a runed translucent gate.
  2452 | D:4      | Noticed Taurus's ghost (amateur MiFi)
  2455 | D:4      | Found a basalt altar of Yredelemnul.
  2467 | D:4      | Reached skill level 1 in Fighting
  2467 | D:4      | Reached skill level 1 in Armour
  2467 | D:4      | Reached skill level 1 in Stealth
  2467 | D:4      | Reached XP level 5. HP: 30/37 MP: 0/0
  2467 | D:4      | Learned a level 2 spell: Blink
  2541 | D:4      | HP: 1/37 [Taurus's ghost (19)]
  2542 | D:4      | Mangled by Taurus's ghost

Illustrated notes

Levels and vault maps discovered:
D:1:      lemuel_arrival_behind_the_door_small, layout_loops_ring, serial_shops,
          nicolae_shop_hallway_plus
D:2:      layout_loops_ring, serial_shops, shop, hangedman_decor_growths
D:3:      layout_basic, shapermc_ecumenical_altar_rom_forum,
          kennysheep_generic_room_7, uniq_terence
D:4:      layout_basic, nicolae_yredelemnul_ghost_church, general_overflow_altar

Skill      XL: |  1  2  3  4 |
---------------+-------------+-----
Long Blades    | 3 |  3.1
Fighting       | 1 |  1.0
Armour         | 1 |  1.0
Stealth        | 1 |  1.0
Spellcasting   | 3 |  3.0
Short Blades   | |  0.8
Dodging        | |  1.6
Shields        | |  2.3
Unarmed Combat | |  0.8

Action                   |  1- 3 |  4- 6 || total
-------------------------+-------+-------++-------
Melee: Falchion          |    22 |    12 ||    34
       Unarmed           |    12 |    10 ||    22
 Cast: Sting             |    22 |       ||    22
       Spider Form       |     2 |     4 ||     6
       Ignite Poison     |       |     1 ||     1
  Use: Potion            |     6 |     1 ||     7
       Scroll            |     3 |     1 ||     4
 Stab: Sleeping          |     2 |     1 ||     3
Armor: Robe              |     7 |     6 ||    13
       Skin              |     1 |     1 ||     2
Dodge: Dodged            |    37 |    21 ||    58
Block: Buckler           |     2 |     4 ||     6
